 Dungeon Crawl Stone Soup version 0.22.0-21-g8bd1b0a (console) character file.

162 zhngchq the Chopper (level 5, -3/49 HPs)
             Began as a Deep Dwarf Fighter on Aug 19, 2018.
             Killed by divine providence
             ... invoked by an orc priest
              (13 damage)
             ... on level 4 of the Dungeon.
             The game lasted 00:22:20 (2277 turns).

zhngchq the Chopper (Deep Dwarf Fighter)            Turns: 2277, Time: 00:22:21

Health: -3/49      AC:  9    Str: 20    XL:     5   Next: 19%
Magic:  3/3        EV:  7    Int:  8    God:
Gold:   125        SH:  9    Dex: 13    Spells: 4/4 levels left

rFire    . . .     SeeInvis .   w - +0 war axe
rCold    . . .     Gourm    +   c - +0 shield
rNeg     . . .     Faith    .   m - +0 scale mail
rPois    .         Spirit   .   (no helmet)
rElec    .         Reflect  .   r - +0 cloak
rCorr    .         Harm     .   l - +0 pair of gloves
MR       +....                  (no boots)
Stlth    ..........             o - amulet of the gourmand
HPRegen  0.00/turn              i - ring of protection from magic
MPRegen  0.08/turn              n - ring of flight

@: lethally poisoned (-3 -> -3), non-regenerating
A: damage resistance, heal wounds, sense surroundings 1, no regeneration
a: Heal Wounds, Evoke Flight


You were on level 4 of the Dungeon.
You were very full.

You visited 1 branch of the dungeon, and saw 4 of its levels.

You collected 125 gold pieces.

Inventory:

Hand Weapons
 b - a +0 morningstar
 q - a +0 hunting sling
 w - a +0 war axe (weapon)
 z - a +1 mace of holy wrath
Missiles
 e - 69 stones
 g - 8 tomahawks
 y - 4 steel tomahawks (quivered)
Armour
 c - a +0 shield (worn)
 l - a +0 pair of gloves (worn)
 m - a +0 scale mail (worn)
 r - a +0 cloak (worn)
Jewellery
 i - a ring of protection from magic (left hand)
 n - a ring of flight (right hand)
 o - an amulet of the gourmand (around neck)
Scrolls
 h - a scroll of teleportation
 t - a scroll of blinking {unknown}
 x - a scroll of magic mapping {unknown}
Potions
 a - a potion of heal wounds {unknown}
 d - a potion of might
 j - 2 potions of invisibility
 k - a potion of mutation {unknown}
 p - a potion of curing {unknown}
 s - a potion of agility
 v - a potion of haste {unknown}
Comestibles
 f - 5 rations
 u - 2 chunks of flesh


   Skills:
 - Level 3.0 Fighting
 + Level 5.8 Axes
 - Level 3.2 Armour
 - Level 3.2 Shields


You had 4 spell levels left.
You didn't know any spells.
Your spell library was empty.

Dungeon Overview and Level Annotations

Branches:
Dungeon (4/15)
 Temple: D:4-7

Altars:
Qazlal
Ru


Innate Abilities, Weirdness & Mutations

You are resistant to damage.
You can heal yourself by infusing magical energy.
You passively map a small area around you.
You do not regenerate.


Message History

You closely miss something. Something hits you but does no damage.
The orc priest calls down the wrath of Beogh upon you.
Beogh smites you!
* * * LOW HITPOINT WARNING * * *
Something hits you but does no damage.
You closely miss something.
You hear some strange, mumbled words.
A puff of flame appears from out of thin air!
You block the puff of flame. You block something's attack.
You barely miss something.
You hear some strange, mumbled words.
A puff of flame appears from out of thin air!
The puff of flame hits you! Something hits you.
* * * LOW HITPOINT WARNING * * *
You miss something.
An orc wizard appears from thin air!
Reactivating autopickup.
You block the orc wizard's attack.
The orc priest mumbles some strange prayers to Beogh against you.
Beogh smites you!
You die... * * #.......##. , , ......... , , , ........ ,("...., , , , o(..# , * * , .oo

,, * * #†#
*, ,,
########o#
#.....@oo#
* *
#.########
#.# #.#
#.# #.#
#.# #.#
#.#


You could see an orc priest, an orc wizard and an orc.

Vanquished Creatures
  A scorpion (D:4)
  3 adders
  2 worms (D:3)
  4 dart slugs
  A leopard gecko (D:3)
  4 orcs
  A ball python (D:1)
  5 bats
  4 giant cockroaches
  7 goblins
  8 hobgoblins
  4 jackals
  A quokka (D:3)
  2 frilled lizards
  9 kobolds
  8 rats
64 creatures vanquished.

Vanquished Creatures (others)
  An orc wizard (D:4)
  An adder (D:4)
  A jackal (D:4)
  A quokka (D:4)
4 creatures vanquished.

Grand Total: 68 creatures vanquished

Notes
Turn   | Place    | Note
-------+----------+-------------------------------------------
     0 | D:1      | zhngchq the Deep Dwarf Fighter began the quest for the Orb.
     0 | D:1      | Reached XP level 1. HP: 20/20 MP: 1/1
   146 | D:1      | Reached skill level 3 in Axes
   164 | D:1      | Reached XP level 2. HP: 25/27 MP: 2/2
   823 | D:2      | Reached XP level 3. HP: 27/33 MP: 3/3
   891 | D:2      | Reached skill level 4 in Axes
  1467 | D:3      | Reached XP level 4. HP: 31/40 MP: 3/3
  1705 | D:3      | Found a stormy altar of Qazlal.
  1733 | D:3      | Reached skill level 5 in Axes
  1967 | D:3      | Found a sacrificial altar of Ru.
  2261 | D:4      | Reached XP level 5. HP: 18/49 MP: 4/4
  2277 | D:4      | Killed from afar by an orc priest

Skill      XL: |  1  2  3  4 |
---------------+-------------+-----
Axes           | 3 4 5 |  5.8
Fighting       | 3 |  3.0
Armour         | |  3.2
Shields        | |  3.2

Action                   |  1- 3 |  4- 6 || total
-------------------------+-------+-------++-------
Melee: War axe           |   134 |    72 ||   206
 Fire: Hunting sling     |    15 |    29 ||    44
Throw: Stone             |    44 |       ||    44
       Tomahawk          |       |     5 ||     5
 Abil: Heal Wounds       |     1 |     2 ||     3
  Use: Scroll            |     6 |     1 ||     7
  Eat: Chunk             |     3 |    11 ||    14
Armor: Scale mail        |    50 |    40 ||    90
Dodge: Dodged            |    43 |    13 ||    56
Block: Shield            |    72 |    43 ||   115
